 BcadrenCrawl: Boulder Brew version 0.04.2-3-g40356c7de1 (webtiles) character file.

Game seed: 16428929102978339922, levelgen mode: deterministic

9900 gruber the Cleaver (level 11, 0/97 HPs) Hill Orc Demonspawn. Began on Apr 27, 2021. Was a Believer of Makhleb. Killed from afar by an electric eel (6 damage) ... with a bolt of electricity ... on level 6 of the Dungeon. The game lasted 00:14:31 (6372 turns).

gruber the Cleaver (Hill Orc Demonspawn)            Turns: 6372, Time: 00:14:32

Health: 0/97       AC: 12    Str: 21    XL:     11 ^: 4228
Magic:  13/13      EV: 12    Int: 12    God:    Makhleb [2* [70]]
Gold:   343        SH:  0    Dex: 10    Spells: 9/12 levels left

rFire    . . .     Vision   .   q - +0 battleaxe
rCold    + . .     Gourm    .   (also wielding the above weapon)
rNeg     + . .     Faith    .   w - +2 leather armour {rC+}
rPois    .         Spirit   .   v - +1 hat
rElec    .         Reflect  .   t - +0 cloak
rCorr    .         Harm     .   (no gloves)
MR       .....                  i - +0 pair of boots
Stlth    +.........             E - amulet of regeneration
HPRegen  0.82/turn              j - ring of wizardry
MPRegen  0.23/turn              b - ring of positive energy

@: studying 2 skills
A: talons 1, yellow scales 1, spiny 2
a: Minor Destruction, Renounce Religion


You were on level 6 of the Dungeon.
You worshipped Makhleb.
Makhleb was pleased with you.
You were hungry.

You visited 2 branches of the dungeon, and saw 7 of its levels.

You collected 343 gold pieces.

Inventory:

Weapons
 a - a +0 war axe
 q - a +0 battleaxe (weapon) Shields
 m - a +0 targe
Armour
 e - a +0 plate armour
 i - a +0 pair of boots (worn)
 t - a +0 cloak (worn)
 v - a +1 hat (worn)
 w - a +2 leather armour of cold resistance (worn)
Jewellery
 b - a ring of positive energy (right hand)
 j - a ring of wizardry (left hand)
 p - a cursed ring of poison resistance {(Curse: rF-)}
 r - a cursed ring of resist corrosion {(Curse: *Drain)}
 x - a cursed amulet of rage {(Curse: *Drain)}
 E - an amulet of regeneration (around neck)
Wands
 C - a wand of enslavement (12)
 D - a wand of iceblast (17)
Scrolls
 g - 2 scrolls of enchantment
 h - 3 scrolls of magic mapping
 k - 2 scrolls of teleportation
 l - 4 scrolls of fog
 n - a scroll of summoning
 o - a scroll of blinking
 y - a scroll of fear
 A - 2 scrolls of amnesia
Potions
 f - 3 potions of might
 s - 2 potions of curing
 u - a potion of heal wounds
 z - a potion of invisibility
 B - a potion of brilliance
 F - a potion of resistance
Miscellaneous
 c - a lamp of fire
Comestibles
 d - 19 rations


   Skills:
 - Level 9.0 Fighting
 - Level 13.0 Axes & Hammers
 * Level 11.3 Armour
 - Level 2.4 Dodging
 - Level 1.5 Stealth
 - Level 1.0 Spellcasting
 - Level 2.1 Fire Magic
 + Level 3.6 Invocations


You had 9 spell levels left.
You knew the following spells:

 Your Spells              Type           Power        Failure   Level  Hunger
a - Flame Tongue          Fire           5 (30)       5%          1    ##.....
b - Blink                 Tloc           N/A          19%         2    ###....

Your spell library contained the following spells:

 Spells                   Type           Power        Failure   Level  Hunger
 Summon Butterflies       Summ           0 (100)      12%         1    ##.....
 Conjure Flame            Fire           5 (100)      16%         3    ####...
 Call Imp                 Summ           0 (100)      19%         2    ###....
 Slow                     Hex            0 (100)      19%         2    ###....
 Apportation              Tloc           0 (50)       34%         3    ####...
 Mephitic Cloud           Pois/Air       0 (100)      34%         3    ####...
 Tukima's Dance           Hex            0 (100)      34%         3    ####...
 Invisibility             Chrm           0 (100)      100%        6    #######


Dungeon Overview and Level Annotations

Branches:
Dungeon (6/8)              Temple (1/1) D:4            Lair (0/6) D:5
    Orc: D:6

Altars:
Ashenzari
Beogh
Cheibriados
Dithmenos
Elyvilon
Fedhas Madash
Gozag Ym Sagoz
Hepliaklqana
Kikubaaqudgha
Makhleb
Okawaru
Ru
Trog
Uskayaw
Wu Jian
Xom
Yredelemnul
Zin
The Shining One

Shops:
D:6 }


Innate Abilities, Weirdness & Mutations

You have sharp toenails.
You are partially covered in yellow scales. (AC +2)
You are mostly covered in sharp spines.


Message History

The electric eel shoots out a bolt of lightning at you!
The bolt of electricity hits you (12)!
* * * LOW HITPOINT WARNING * * *
You barely miss the electric eel.
Unknown command.
Unknown command.
You slash the electric eel (9)!
The electric eel is heavily wounded. (7/17) HP Unknown command.
Unknown command.
You closely miss the electric eel.
The electric eel shoots out a bolt of lightning at you!
The bolt of electricity hits you (6).
* * * LOW HITPOINT WARNING * * *
Unknown command.
Unknown command.
You barely miss the electric eel.
The electric eel shoots out a bolt of lightning at you!
The bolt of electricity hits you (6).
You die...

...###.# #.....######
#####....#### ###.###
........#####.#.##
≈≈≈≈≈≈≈..)†......#### #
≈≈≈≈≈≈≈.####........# ..
#####≈≈..###........#...
#≈≈.................
#≈;..###.#...##.#...
#≈≈@####........# ..
#≈≈.)....>####### # #≈≈.#####.#
##############≈≈.# #.#
≈≈≈≈≈≈≈≈≈≈≈≈≈≈≈≈.#####.#
≈≈≈≈≈≈≈≈≈≈≈≈≈≈≈≈...†...# ######
..................####.#####.....
.#..#########..#..####.......###.
....)....####..)....##.####### #.


You could see a submerged electric eel.

Vanquished Creatures
  A two-headed ogre (D:5)
  A manticore (D:6)
  2 gargoyles (D:6)
  An ugly thing (D:6)
  2 trolls
  A komodo dragon (D:6)
  Prince Ribbit (D:2)
  A storm dragon skeleton (D:4)
  A steam dragon (D:5)
  A shadow (D:6)
  A yak (D:6)
  Grinder (D:3)
  An acid dragon (D:6)
  3 slime creatures (D:2)
  A vampire mosquito (D:6)
  Edmund (D:3)
  A soldier ant (D:6)
  4 orc warriors
  2 water moccasins
  A porcupine (D:3)
  4 scorpions
  2 sky beasts (D:6)
  An ice beast (D:4)
  An ogre (D:6)
  2 wolves (D:5)
  2 crocodiles (D:2)
  A big kobold (D:4)
  5 bullfrogs
  A gnoll sergeant (D:6)
  A killer bee (D:6)
  2 quasits
  11 wights
  4 electric eels
  2 crimson imps
  7 orc priests
  6 hounds
  11 jellies
  12 orc wizards
  3 iguanas
  5 worker ants
  21 giant cockroaches
  An iron imp (D:3)
  3 bullfrog zombies
  3 bullfrog skeletons
  A shadow imp (D:4)
  10 adders
  53 sewer rats (D:2)
  3 worms
  11 cinder newts
  A howler monkey skeleton (D:5)
  20 oozes (D:2)
  A dart slug (D:3)
  11 leopard geckos
  23 orcs
  2 adder skeletons
  2 goblins (D:1)
  3 hobgoblins (D:1)
  3 jackals (D:5)
  9 kobolds
  A quokka (D:5)
  6 ball pythons
  A ball python skeleton (D:2)
  13 bats
  A hobgoblin skeleton (D:2)
  A leopard gecko skeleton (D:5)
  5 rats (D:1)
  12 withered plants (D:2)
332 creatures vanquished.

Vanquished Creatures (others)
  3 giant cockroaches (D:2)
  72 withered plants (D:2)
75 creatures vanquished.

Grand Total: 407 creatures vanquished

Notes
Turn   | Place    | Note
-------+----------+-------------------------------------------
     0 | D:1      | gruber the Hill Orc Demonspawn began the quest for the Orb.
     0 | D:1      | Reached XP level 1. HP: 16/16 MP: 3/3
    35 | D:1      | Reached skill level 3 in Axes & Hammers
    36 | D:1      | Reached skill level 4 in Axes & Hammers
    36 | D:1      | Gained mutation: You are partially covered in yellow
                  | scales. (AC +2) [demonic ancestry]
    36 | D:1      | Reached XP level 2. HP: 23/23 MP: 4/4
    83 | D:1      | Reached XP level 3. HP: 28/28 MP: 5/5
   196 | D:1      | Reached skill level 5 in Axes & Hammers
   201 | D:1      | Reached XP level 4. HP: 35/35 MP: 6/6
   753 | D:2      | Reached skill level 6 in Axes & Hammers
   753 | D:2      | Reached XP level 5. HP: 20/40 MP: 7/7
   862 | D:2      | Learned a level 2 spell: Blink
   865 | D:2      | Reached skill level 7 in Axes & Hammers
   934 | D:2      | Reached XP level 6. HP: 33/47 MP: 5/8
  1003 | D:2      | Reached skill level 8 in Axes & Hammers
  1201 | D:2      | Gained mutation: You are partially covered in sharp spines.
                  | [demonic ancestry]
  1201 | D:2      | Reached XP level 7. HP: 57/57 MP: 9/9
  1369 | D:2      | Reached skill level 5 in Fighting
  1381 | D:2      | Reached XP level 8. HP: 44/71 MP: 10/10
  2070 | D:2      | Noticed Prince Ribbit
  2081 | D:2      | Reached skill level 9 in Axes & Hammers
  2082 | D:2      | Reached XP level 9. HP: 38/83 MP: 11/11
  2087 | D:2      | Reached skill level 10 in Axes & Hammers
  2089 | D:2      | Killed Prince Ribbit
  2637 | D:3      | Noticed Grinder
  2641 | D:3      | Killed Grinder
  2641 | D:3      | Reached skill level 11 in Axes & Hammers
  2889 | D:3      | Reached skill level 12 in Axes & Hammers
  3006 | D:3      | Found a glowing silver altar of Zin.
  3528 | D:3      | Noticed Edmund
  3532 | D:3      | Killed Edmund
  3693 | D:4      | Reached skill level 13 in Axes & Hammers
  3696 | D:4      | Found a staircase to the Ecumenical Temple.
  3699 | D:4      | Gained mutation: You have sharp toenails. [demonic
                  | ancestry]
  3699 | D:4      | Reached XP level 10. HP: 85/91 MP: 12/12
  3704 | D:4      | Reached skill level 1 in Armour
  3721 | Temple   | Entered the Ecumenical Temple
  3731 | Temple   | Became a worshipper of Makhleb the Destroyer
  3981 | D:4      | Found an iron altar of Okawaru.
  4061 | D:4      | Reached skill level 5 in Armour
  4072 | D:4      | Reached * piety under Makhleb
  4115 | D:4      | Found a hide-covered altar of Uskayaw.
  4544 | D:5      | Entered Level 5 of the Dungeon
  4544 | D:5      | Noticed a two-headed ogre
  4661 | D:5      | Found a hazy altar of Hepliaklqana.
  4749 | D:5      | Killed a two-headed ogre
  5026 | D:5      | Found a hazy altar of Hepliaklqana.
  5039 | D:5      | Reached ** piety under Makhleb
  5100 | D:5      | Identified a scroll of acquirement
  5100 | D:5      | Found a staircase to the Lair.
  5110 | D:5      | Noticed a boulder beetle
  5842 | D:6      | Gained mutation: You are mostly covered in sharp spines.
                  | [demonic ancestry]
  5842 | D:6      | Reached XP level 11. HP: 97/97 MP: 13/13
  5922 | D:6      | Found Lablun's Gadget Shoppe.
  5994 | D:6      | Reached skill level 10 in Armour
  6182 | D:6      | Found a sacrificial altar of Ru.
  6372 | D:6      | Killed from afar by an electric eel

Levels and vault maps discovered:
D:1:      ebering_trefoil_twist, layout_loops_ring,
          cheibrodos_sewer_entry_sluice
D:2:      layout_sewer, sewer_frog_spiral, item_on_display_merged
D:3:      layout_gridville, marbit_many_paths, first_ration,
          minmay_misc_feat_diagonals, uniq_edmund, uniq_grinder
D:4:      layout_basic, bcadren_lemuel_inverted_doored_altar,
          minmay_temple_entry_stoned_glass, basic_altar
D:5:      layout_loops_ring, lemuel_doored_altar, erik_lair_island, basic_altar,
          serial_shops, nicolae_shop_overgrown_old_shop
D:6:      layout_loops_cross, overflow_temple_1_default, erik_orc_2,
          serial_shops, shop
Temple:   nicolae_temple_great_sept

Skill      XL: |  1  2  3  4  5  6  7  8  9 10 11 |
---------------+----------------------------------+-----
Axes & Hammers | 4 5 6 7 8 9 13 | 13.0
Fighting       | 3 6 9 |  9.0
Armour         | 8 11 | 11.3
Dodging        | |  2.4
Stealth        | |  1.5
Spellcasting   | |  1.0
Fire Magic     | |  2.1
Invocations    | |  3.6

Action                   |  1- 3 |  4- 6 |  7- 9 | 10-12 || total
-------------------------+-------+-------+-------+-------++-------
Melee: War axe           |    17 |    89 |   138 |       ||   244
       Unarmed           |     4 |    45 |    76 |       ||   125
       Battleaxe         |       |       |    58 |   170 ||   228
 Cast: Flame Tongue      |       |     5 |     2 |       ||     7
  Use: Scroll            |       |       |       |     1 ||     1
 Stab: Sleeping          |       |     1 |     1 |     2 ||     4
  Eat: Chunk             |       |     1 |    10 |     8 ||    19
Armor: Leather armour    |     9 |    25 |    40 |    39 ||   113
       Ring mail         |       |       |     9 |       ||     9
Dodge: Dodged            |    16 |    75 |   109 |    77 ||   277
